 Dungeon Crawl Stone Soup version 0.29-a0-517-gbdf32494f2 (webtiles) character file.

Game seed: 1165386267083391725

79 purpskrrrp the Covered (level 4, 0/37 HPs)
             Began as a Hill Orc Artificer on May 30, 2022.
             Slain by a gnoll
             ... wielding a +0 club
              (4 damage)
             ... on level 3 of the Dungeon.
             The game lasted 00:09:49 (2442 turns).

purpskrrrp the Covered (Hill Orc Artificer)         Turns: 2442, Time: 00:09:51

Health: 0/37       AC:  5    Str: 16    XL:     4   Next: 37%
Magic:  4/4        EV: 15    Int: 11    God:
Gold:   60         SH:  0    Dex: 11    Spells: 3/3 levels left

rFire   . . .      SeeInvis .   p - +0 mace
rCold   . . .      Faith    .   (no shield)
rNeg    . . .      Spirit   .   b - +0 leather armour
rPois   .          Reflect  .   (no helmet)
rElec   .          Harm     .   (no cloak)
rCorr   .          Rampage  .   (no gloves)
Will    .....                   m - +1 pair of boots
Stlth   +.........              (no amulet)
HPRegen 0.12/turn               j - +4 ring of evasion
MPRegen 0.09/turn               (no ring)

@: no status effects
A: no striking features
a: no special abilities


You were on level 3 of the Dungeon.
You visited 1 branch of the dungeon, and saw 3 of its levels.

You collected 60 gold pieces.

Inventory:

Hand Weapons
 a - a +0 club
 f - a +0 spear
 p - a +0 mace (weapon)
Missiles
 t - 5 javelins
Armour
 b - a +0 leather armour (worn)
 m - a +1 pair of boots (worn)
Jewellery
 j - a +4 ring of evasion (left hand)
Wands
 c - a wand of flame (15)
 d - a wand of charming (9)
 e - a wand of iceblast (8) (quivered)
Potions
 g - a potion of berserk rage {unknown}
 i - a potion of might {unknown}
 k - 3 potions of curing {unknown}
 n - 2 potions of brilliance {unknown}
 q - a potion of haste {unknown}
 s - a potion of magic {unknown}


   Skills:
 + Level 2.7 Fighting
 * Level 4.3 Armour
 - Level 0.7 Dodging
 - Level 0.7 Stealth
 - Level 3.0 Evocations


You had 3 spell levels left.
You didn't know any spells.
Your spell library was empty.

Dungeon Overview and Level Annotations

Branches:
Dungeon (3/15)

Altars:
Elyvilon


Message History

The gnoll misses you. The gnoll hits you with a +0 club. The gnoll misses you.
The gnoll attacks as you move away! The gnoll closely misses you.
Aiming: Iceblast
Press: ? - help, Q - select action, (/) - cycle Shift-Dir - straight line, p - gnoll The mass of ice explodes!
The iceblast engulfs the gnoll!!
You kill the gnoll!
The gnoll closely misses you. The gnoll misses you.
You hit the gnoll.
The gnoll is heavily wounded.
The gnoll barely misses you. The gnoll closely misses you.
The dart slug launches a dart at you. The slug dart hits you.
You barely miss the gnoll.
The gnoll is heavily wounded.
The gnoll barely misses you. The gnoll hits you with a +0 club.
The gnoll barely misses you. The gnoll hits you with a +0 whip.
You hit the gnoll.
The gnoll is heavily wounded.
The gnoll hits you with a +0 whip.
* * * LOW HITPOINT WARNING * * *
The gnoll hits you with a +0 club.
* * * LOW HITPOINT WARNING * * *
You hit the gnoll.
You kill the gnoll!
The gnoll misses you.
You hit the gnoll.
The gnoll is lightly wounded.
The gnoll barely misses you. The dart slug barely misses you.
The gnoll barely misses you.
You barely miss the gnoll.
The gnoll is lightly wounded.
The dart slug closely misses you. The gnoll barely misses you.
You hit the gnoll. You punch the gnoll.
The gnoll is moderately wounded.
The gnoll hits you but does no damage. The dart slug launches a dart at you.
The slug dart hits you.
* * * LOW HITPOINT WARNING * * *
The adder completely misses you. The gnoll hits you with a +0 club.
You die...

.# ######.###
#........
#.......
#......
####.....##
........).#####
.##..)w††....#
#...@g......#
#..S<..####..#
#........# .#
#....#..## #
..........
...........
............
...........<.
............#.


You could see a gnoll, an adder and a dart slug.

Vanquished Creatures
  2 gnolls (D:3)
  2 adders
  2 worms (D:2)
  3 dart slugs
  4 endoplasms
  2 giant cockroaches
  A goblin (D:1)
  A hobgoblin (D:3)
  A quokka (D:1)
  2 ball pythons
  4 bats
  A frilled lizard (D:2)
  4 kobolds
  2 rats
31 creatures vanquished.

Notes
Turn   | Place    | Note
-------+----------+-------------------------------------------
     0 | D:1      | purpskrrrp the Hill Orc Artificer began the quest for the
                  | Orb.
     0 | D:1      | Reached XP level 1. HP: 16/16 MP: 1/1
   556 | D:1      | Reached XP level 2. HP: 23/23 MP: 2/2
   715 | D:1      | Reached skill level 3 in Armour
   716 | D:1      | Found a faded altar of an unknown god.
  1468 | D:2      | Reached XP level 3. HP: 28/29 MP: 3/3
  1522 | D:2      | HP: 1/29 [worm (5)]
  2208 | D:2      | Found a white marble altar of Elyvilon.
  2404 | D:3      | Reached skill level 4 in Armour
  2404 | D:3      | Reached XP level 4. HP: 33/37 MP: 4/4
  2442 | D:3      | Slain by a gnoll

Illustrated notes

Levels and vault maps discovered:
D:1:      saegor_arrival_simple_b, layout_loops_corners,
          shapermc_ecumenical_altar_mp_highgroup, moated_statue
D:2:      layout_basic, basic_altar
D:3:      layout_rooms, kennysheep_path_1

Skill      XL: |  1  2  3 |
---------------+----------+-----
Armour         | 3 4 |  4.3
Fighting       | 2 |  2.7
Dodging        | |  0.7
Stealth        | |  0.7
Evocations     | |  3.0

Action                   |  1- 3 |  4- 6 || total
-------------------------+-------+-------++-------
Melee: Spear             |    11 |       ||    11
       Mace              |    88 |    14 ||   102
       Punch             |     1 |     1 ||     2
Evoke: Wand              |     3 |     4 ||     7
  Use: Scroll            |     4 |       ||     4
 Stab: Sleeping          |     1 |       ||     1
Armor: Leather armour    |    25 |     1 ||    26
Dodge: Dodged            |   105 |    23 ||   128

Table legend: (Time is in decaauts)
 A = Elapsed time spent in this place.
 B = Non-inter-level travel time spent in this place.
 C = Inter-level travel time spent in this place.
 D = Time resting spent in this place.
 E = Time spent auto-exploring this place.
 F = Levels seen in this place.
 G = Mean time per level.
                   A        B        C        D        E       F      G
               +--------+--------+--------+--------+--------+-----+--------+
         Total |   2481 |   2286 |    195 |    470 |   1483 |   3 |  827.0 |
       Dungeon |   2481 |   2286 |    195 |    470 |   1483 |   3 |  827.0 |
               +--------+--------+--------+--------+--------+-----+--------+

Top non-repeatable levels by time:
     D:1: 1440 daAuts
     D:2: 977 daAuts
     D:3: 63 daAuts
